 Dungeon Crawl Stone Soup version 0.28.0-53-g5a82cb258f (webtiles) character file.

Game seed: 2532941017178098463

56 WANAX the Chopper (level 3, 0/33 HPs)
             Began as a Hill Orc Berserker on June 30, 2022.
             Was a Believer of Trog.
             Succumbed to an adder's poison
             ... on level 2 of the Dungeon.
             The game lasted 00:15:07 (2103 turns).

WANAX the Chopper (Hill Orc Berserker)              Turns: 2103, Time: 00:15:07

Health: 0/33       AC:  2    Str: 21    XL:     3   Next: 97%
Magic:  3/3        EV: 12    Int:  7    God:    Trog [**....]
Gold:   45         SH:  0    Dex: 10    Spells: 2/2 levels left

rFire   . . .      SeeInvis .   a - +0 hand axe
rCold   . . .      Faith    .   (no shield)
rNeg    . . .      Spirit   .   b - +0 animal skin
rPois   .          Reflect  .   (no helmet)
rElec   .          Harm     .   (no cloak)
rCorr   .          Rampage  .   (no gloves)
Will    .....                   (no boots)
Stlth   +.........              (no amulet)
HPRegen 0.11/turn               (no ring)
MPRegen 0.08/turn               (no ring)

@: lethally poisoned (0 -> -6)
A: no striking features
a: Renounce Religion, Berserk, Trog's Hand


You were on level 2 of the Dungeon.
You worshipped Trog.
Trog was pleased with you.
You visited 1 branch of the dungeon, and saw 2 of its levels.

You collected 45 gold pieces.

Inventory:

Hand Weapons
 a - a +0 hand axe (weapon)
Armour
 b - a +0 animal skin (worn)
Wands
 k - a wand of acid (6)
Scrolls
 c - 3 scrolls of identify {unknown}
 d - a scroll of blinking {unknown}
 f - 2 scrolls of teleportation {unknown}
 i - a scroll of noise {unknown}
 j - a scroll of torment {unknown}
Potions
 e - a potion of flight {unknown}
 g - 2 potions of lignification {unknown}
 h - a potion of curing {unknown}


   Skills:
 + Level 4.1 Fighting
 + Level 5.0 Axes
 + Level 2.3 Armour
 + Level 2.2 Dodging
 + Level 0.3 Stealth


You had 2 spell levels left.
You didn't know any spells.
Your spell library was empty.

Dungeon Overview and Level Annotations

Branches:
Dungeon (2/15)

Altars:
Ashenzari


Message History

The adder hisses angrily.
The adder barely misses you.
You miss the adder. The adder bites you.
You are poisoned.
The adder poisons you!
You hit the adder.
The adder is lightly wounded.
You feel sick. The adder misses you. The adder bites you but does no damage.
You closely miss the adder.
The adder is lightly wounded.
You feel sick. The adder bites you.
You are more poisoned.
The adder poisons you!
You barely miss the adder.
The adder is lightly wounded.
You feel sick. The adder misses you.
You closely miss the adder.
The adder is lightly wounded.
You feel sick. The adder bites you.
You are more poisoned.
The adder poisons you! The adder bites you.
You are too injured to fight recklessly!
You are too injured to fight recklessly!
You are too injured to fight recklessly!
You are too injured to fight recklessly!
You are too injured to fight recklessly!
You are too injured to fight recklessly!
You are too injured to fight recklessly!
You are too injured to fight recklessly!
You are too injured to fight recklessly!
You are too injured to fight recklessly!
You are too injured to fight recklessly!
You are too injured to fight recklessly!
You feel very sick.
* * * LOW HITPOINT WARNING * * *
You feel very sick.
* * * LOW HITPOINT WARNING * * *
You feel sick. The adder bites you.
* * * LOW HITPOINT WARNING * * *
You die...

#####..##.
##........ .
###.......#
#...........#
...###.._..#####.#
##
..................
# .
.##...S...#####.#
.. ###..#### #.#
.## ##.@..#####.#
...
#......###....##.#
# #......
####.##)# #
#...... #....# ##
....... ####.###
##. .......
#......####..
.......
#.###......##...#
####......
#........<.##.###
#.#
#####...#####.###


You could see an adder.

Vanquished Creatures
  An adder (D:2)
  A worm (D:2)
  A dart slug (D:1)
  3 ball pythons (D:1)
  3 endoplasms (D:1)
  A giant cockroach (D:2)
  3 goblins
  5 hobgoblins (D:1)
  6 jackals
  2 quokkas (D:1)
  2 bats
  2 frilled lizards
  5 kobolds
  3 rats (D:1)
38 creatures vanquished.

Notes
Turn   | Place    | Note
-------+----------+-------------------------------------------
     0 | D:1      | WANAX the Hill Orc Berserker began the quest for the Orb.
     0 | D:1      | Reached XP level 1. HP: 19/19 MP: 1/1
   940 | D:1      | Reached XP level 2. HP: 10/27 MP: 2/2
  1525 | D:1      | Reached XP level 3. HP: 31/33 MP: 3/3
  1715 | D:2      | Reached ** piety under Trog
  2032 | D:2      | Found a faded altar of an unknown god.
  2084 | D:2      | Reached skill level 5 in Axes
  2090 | D:2      | Found a broken altar of Ashenzari.
  2102 | D:2      | HP: 1/33 [adder (5)]
  2103 | D:2      | Succumbed to an adder's poison

Illustrated notes

Levels and vault maps discovered:
D:1:      dpeg_arrival_rhombi, layout_basic, serial_aquarium,
          aquarium_bridge_square [aquarium_subvault_wall,
          aquarium_subvault_bridge, aquarium_subvault_bridge,
          aquarium_subvault_bridge], aquarium_window_fake, aquarium_window_fake,
          aquarium_window_fake, aquarium_view_2c
D:2:      layout_rooms, ebering_ecumenical_altar_hall, basic_altar,
          serial_curves, eino_curves_02, eino_curves_02, minmay_rat_hole

Skill      XL: |  1  2  3 |
---------------+----------+-----
Dodging        | 2 |  2.2
Fighting       | 4 |  4.1
Axes           | 5 |  5.0
Armour         | |  2.3
Stealth        | |  0.3

Action                   || total
-------------------------++-------
Melee: Hand axe          ||   131
       Punch             ||     1
 Stab: Sleeping          ||     1
Armor: Animal skin       ||    24
Dodge: Dodged            ||   100
